 Dungeon Sprint DCSS version 0.25-b1-37-g2669288c55 (webtiles) character file.

Game seed: 10289432172714240958

8328 Chiseanne the Fighter (level 11, -5/98 HPs)
             Began as a Demonspawn Wanderer on June 4, 2020.
             Was a High Priest of Fedhas.
             Slain by a lorocyproca (15 damage)
             ... in the Dungeon (Sprint I: "Red Sonja").
             The game lasted 00:19:14 (2256 turns).

Chiseanne the Fighter (Demonspawn Wanderer)         Turns: 2256, Time: 00:19:15

Health: -5/98      AC:  8    Str: 10 (11) XL:     11   Next: 8%
Magic:  1/25       EV: 20    Int: 14      God:    Fedhas [*****.]
Gold:   159        SH:  0    Dex: 13 (14) Spells: 31/36 levels left

rFire    . . .     SeeInvis .   s - +4 war axe (drain)
rCold    . . .     Gourm    .   (no shield)
rNeg     . . .     Faith    .   m - +0 ring mail of a ziggurat {Int+6 Dex+3 Stlth-}
rPois    .         Spirit   .   (helmet unavailable)
rElec    .         Reflect  .   i - +1 cloak {MR+}
rCorr    .         Harm     .   k - +0 pair of gloves
MR       +....     NoTele   +   (no boots)
Stlth    ..........             (no amulet)
HPRegen  0.26/turn              o - ring of flight
MPRegen  0.19/turn              (no ring)

@: repel missiles
A: horns 3, repulsion field 3, blurry vision 2, clumsy 2, deformed body, demonic
guardian 1, deterioration 2, dopey 2, low mp 1, screaming 1, weak 2
a: Wall of Briars, Grow Ballistomycete, Overgrow, Grow Oklob, Renounce Religion,
Evoke Flight


You were in the Dungeon.
You worshipped Fedhas.
Fedhas was extremely pleased with you.
You were not hungry.

You visited 1 branch You collected 1203 gold pieces.
You spent 1044 gold pieces at shops.

Inventory:

Hand Weapons
 a - a +2 dagger of venom
 s - a +4 war axe of draining (weapon)
Missiles
 d - 18 stones
 e - 3 curare-tipped darts (quivered)
Armour
 i - a +1 cloak of magic resistance (worn)
 k - a +0 pair of gloves (worn)
 m - the +0 ring mail of a ziggurat (worn) {Int+6 Dex+3 Stlth-}
   (You bought it in a shop in the Dungeon)

   It affects your intelligence (+6).
   It affects your dexterity (+3).
   It makes you less stealthy.
Jewellery
 o - a ring of flight (left hand)
Wands
 b - a wand of flame (3)
 f - a wand of clouds (6)
 h - a wand of digging (6)
Scrolls
 l - 2 scrolls of blinking
Potions
 c - 2 potions of curing
 j - 2 potions of magic
Comestibles
 n - a ration


   Skills:
 * Level 13.3 Fighting
 - Level 1.7 Throwing
 - Level 8.4 Armour
 * Level 12.3 Dodging
 * Level 13.0 Spellcasting
 - Level 2.0 Conjurations
   Level 1.0 Hexes
 - Level 1.0 Translocations
 * Level 13.0 Invocations


You had 31 spell levels left.
You knew the following spells:

 Your Spells              Type           Power        Failure   Level  Hunger
b - Blink                 Tloc           N/A          17%         2    None
d - Mephitic Cloud        Conj/Pois/Air  ##......     36%         3    None

Your spell library contained the following spells:

 Spells                   Type           Power        Failure   Level  Hunger
 Magic Dart               Conj           ##..         8%          1    None
 Summon Butterflies       Summ           #.......     17%         1    None
 Slow                     Hex            ##......     17%         2    None
 Call Imp                 Summ           #.......     26%         2    None
 Conjure Flame            Conj/Fire      ##......     32%         3    None
 Call Canine Familiar     Summ           #.......     45%         3    None


Dungeon Overview and Level Annotations

Branches:
Dungeon (1/1)

Altars:
Cheibriados
Dithmenos
Elyvilon
Fedhas
Gozag
Hepliaklqana
Kikubaaqudgha
Makhleb
Nemelex Xobeh
Okawaru
Qazlal
Ru
Sif Muna
Trog
Uskayaw
Vehumet
Wu Jian
Xom
Yredelemnul
Zin
The Shining One
Jiyva
Lugonu

Shops:
D [[*(:*[


Innate Abilities, Weirdness & Mutations

You have a pair of large horns on your head.
You are surrounded by a strong repulsion field. (EV +4, RMsl)
A weak demonic guardian rushes to your aid.
Scrolls take you longer to read.
You are very clumsy. (Dex -4)
Armour fits poorly on your strangely shaped body.
Your body often deteriorates upon taking damage.
You are very dopey. (Int -4)
Your magical capacity is low. (-10% MP)
You occasionally shout uncontrollably at your foes.
You are very weak. (Str -4)


Message History

Something barely misses you.
You hit something. Something hits you but does no damage.
You closely miss something. Something barely misses you. Something hits you!!
Your body deteriorates!
You feel clumsy.
You barely miss something. You headbutt something.
Something hits you but does no damage.
You hit something. Your headbutt misses something.
Something hits you but does no damage. Something hits you!!
Your body deteriorates!
You feel weakened.
You feel your power leaking away.
You hit something. Something hits you but does no damage.
You slash something! Something hits you.
* * * LOW HITPOINT WARNING * * *
Something hits you!!
* * * LOW HITPOINT WARNING * * *
You miss something. You headbutt something. Something completely misses you.
You miss something. You headbutt something. Something closely misses you.
Something hits you but does no damage.
You hit something. Something hits you!
You die...
Fedhas appreciates your contribution to the ecosystem.

#####
####################...########
#<.#÷['..#.['..#__#...)..#..§§{
#..').#..'..#..'^.'....).##§§§#
#..#####'#####'#__####...'...§#
#..####..#...#)####.§#####P§§.#
#..#__####..##{#§§§§§#..##+####
#.)#_____##+#_@'§§≈§§†§.#○○ #
#⌠⌠#_.∩...'..._#§§§§§#..#.○ +
####_..__##_.#'##§#####'### #
#_____###'#(#(.).###P'.# #
############.####+###.###.#
#∩........'...+..)).'.∩##†#
###''''####...##PP.######§#
#.......####.###....... #§#
#........#.#'#.#........+.#


There were no monsters in sight!

Vanquished Creatures
  2 centaur warriors (D)
  Sonja (D)
  A deep troll (D)
  A lindwurm (D)
  3 shining eyes (D)
  A hornet (D)
  A slime creature (D)
  2 redbacks (D)
  4 hogs (D)
  2 floating eyes (D)
  An ogre (D)
  Ijyb (D)
20 creatures vanquished.

Vanquished Creatures (collateral kills)
  An unseen horror (D)
  5 shining eyes (D)
  2 kobold demonologists (D)
  4 demonic crawlers (D)
  A meliai (D)
  Sigmund (D)
  A yak (D)
  9 hogs (D)
  4 floating eyes (D)
  A jelly (D)
  A ballistomycete spore (D)
30 creatures vanquished.

Vanquished Creatures (others)
  A gargoyle (D)
  A ballistomycete spore (D)
2 creatures vanquished.

Grand Total: 52 creatures vanquished

Notes
Turn   | Place    | Note
-------+----------+-------------------------------------------
     0 | D        | Chiseanne the Demonspawn Wanderer began the quest for the
                  | Orb.
     0 | D        | Chiseanne set off with the following items: a +0 dagger, a
                  | potion of lignification, a +0 robe, a ration, a potion of
                  | curing, a potion of heal wounds, a potion of haste, 2
                  | potions of magic, a potion of berserk rage, a scroll of
                  | blinking; and the following spells available to memorise:
                  | Magic Dart, Summon Butterflies, Blink, Slow, Call Imp,
                  | Conjure Flame, Mephitic Cloud, Call Canine Familiar
     0 | D        | Reached XP level 1. HP: 13/13 MP: 5/5
     3 | D        | Learned a level 1 spell: Magic Dart
     3 | D        | Noticed Ijyb
    14 | D        | Killed Ijyb
    14 | D        | Reached skill level 5 in Spellcasting
    14 | D        | Gained mutation: You are surrounded by a mild repulsion
                  | field. (EV +2) [demonic ancestry]
    14 | D        | Reached XP level 2. HP: 18/24 MP: 6/8
    52 | D        | Noticed an ogre
    75 | D        | Killed an ogre
    75 | D        | Reached skill level 5 in Fighting
    75 | D        | Gained mutation: You have a pair of small horns on your
                  | head. [demonic ancestry]
    75 | D        | Reached XP level 3. HP: 13/33 MP: 8/10
    75 | D        | Gained mutation: A weak demonic guardian rushes to your
                  | aid. [demonic ancestry]
    75 | D        | Reached XP level 4. HP: 16/39 MP: 9/12
    93 | D        | Noticed Sigmund
   104 | D        | Killed Sigmund
   104 | D        | Gained mutation: You are surrounded by a moderate repulsion
                  | field. (EV +3) [demonic ancestry]
   104 | D        | Reached XP level 5. HP: 35/47 MP: 12/15
   186 | D        | Learned a level 2 spell: Blink
   190 | D        | Learned a level 3 spell: Mephitic Cloud
   205 | D        | Found a shimmering blue altar of Sif Muna.
   206 | D        | Found an ornate altar of the Wu Jian Council.
   207 | D        | Found a radiant altar of Vehumet.
   237 | D        | Found Xaucev's Antique Weapon Emporium.
   237 | D        | Found an ancient bone altar of Kikubaaqudgha.
   237 | D        | Found a hazy altar of Hepliaklqana.
   237 | D        | Found a hide-covered altar of Uskayaw.
   237 | D        | Found a basalt altar of Yredelemnul.
   237 | D        | Found an opulent altar of Gozag.
   237 | D        | Found a snail-covered altar of Cheibriados.
   237 | D        | Found a sacrificial altar of Ru.
   237 | D        | Found a shadowy altar of Dithmenos.
   237 | D        | Noticed a yak
   242 | D        | Found a stormy altar of Qazlal.
   242 | D        | Found a blossoming altar of Fedhas.
   242 | D        | Found a bloodstained altar of Trog.
   242 | D        | Found an iron altar of Okawaru.
   242 | D        | Found a glowing silver altar of Zin.
   247 | D        | Killed a yak
   247 | D        | Reached XP level 6. HP: 30/55 MP: 17/17
   249 | D        | Found a glowing golden altar of the Shining One.
   249 | D        | Found a white marble altar of Elyvilon.
   253 | D        | Found a sparkling altar of Nemelex Xobeh.
   256 | D        | Became a worshipper of Fedhas Madash
   258 | D        | Bought a runed war axe for 201 gold pieces
   402 | D        | Noticed Sonja
   433 | D        | Killed Sonja
   433 | D        | Reached skill level 5 in Armour
   433 | D        | Reached XP level 7. HP: 64/64 MP: 17/19
   698 | D        | Killed a gargoyle
   767 | D        | Found Utsaecle's Antique Armour Boutique.
   775 | D        | Bought an embroidered cloak for 232 gold pieces
   793 | D        | Noticed a deep troll
   837 | D        | Killed a deep troll
   837 | D        | Gained mutation: You have a pair of horns on your head.
                  | [demonic ancestry]
   837 | D        | Reached XP level 8. HP: 26/72 MP: 19/21
   852 | D        | Found Godgh's Armour Emporium.
   859 | D        | Bought a +0 pair of gloves for 49 gold pieces
  1076 | D        | Noticed a shining eye
  1076 | D        | Noticed a shining eye
  1076 | D        | Noticed a shining eye
  1076 | D        | Gained mutation: Armour fits poorly on your strangely
                  | shaped body. [a shining eye]
  1078 | D        | Paralysed by a floating eye for 2 turns
  1081 | D        | Reached * piety under Fedhas
  1081 | D        | Reached skill level 10 in Spellcasting
  1091 | D        | Paralysed by a floating eye for 3 turns
  1098 | D        | Paralysed by a floating eye for 4 turns
  1111 | D        | Paralysed by a floating eye for 2 turns
  1117 | D        | Killed a shining eye
  1117 | D        | Reached skill level 10 in Fighting
  1117 | D        | Reached skill level 5 in Invocations
  1117 | D        | Paralysed by a floating eye for 3 turns
  1124 | D        | Paralysed by a floating eye for 4 turns
  1124 | D        | Reached ** piety under Fedhas
  1147 | D        | Killed a shining eye
  1189 | D        | Killed a shining eye
  1189 | D        | Gained mutation: You are surrounded by a strong repulsion
                  | field. (EV +4, RMsl) [demonic ancestry]
  1189 | D        | Reached XP level 9. HP: 79/79 MP: 23/23
  1194 | D        | Noticed a shining eye
  1194 | D        | Noticed a shining eye
  1194 | D        | Noticed a shining eye
  1251 | D        | Gained mutation: You are dopey. (Int -2) [a shining eye]
  1251 | D        | Gained mutation: You are very dopey. (Int -4) [a shining
                  | eye]
  1254 | D        | Gained mutation: You tend to lose your temper in combat. [a
                  | shining eye]
  1288 | D        | Gained mutation: You occasionally shout uncontrollably at
                  | your foes. [a shining eye]
  1292 | D        | Killed a shining eye
  1295 | D        | Gained mutation: Your body sometimes deteriorates upon
                  | taking damage. [a shining eye]
  1302 | D        | Killed a shining eye
  1302 | D        | Reached *** piety under Fedhas
  1302 | D        | Reached skill level 10 in Dodging
  1307 | D        | Gained mutation: You are weak. (Str -2) [a shining eye]
  1309 | D        | Gained mutation: Your body often deteriorates upon taking
                  | damage. [a shining eye]
  1320 | D        | Killed a shining eye
  1321 | D        | Noticed a shining eye
  1321 | D        | Noticed a shining eye
  1321 | D        | Gained mutation: You are very weak. (Str -4) [a shining
                  | eye]
  1324 | D        | Gained mutation: You are clumsy. (Dex -2) [a shining eye]
  1326 | D        | Gained mutation: Your magical capacity is low. (-10% MP) [a
                  | shining eye]
  1330 | D        | Gained mutation: You are very clumsy. (Dex -4) [a shining
                  | eye]
  1332 | D        | Gained mutation: Scrolls take you a little longer to read.
                  | [a shining eye]
  1338 | D        | Gained mutation: You often lose your temper in combat. [a
                  | shining eye]
  1340 | D        | Killed a shining eye
  1340 | D        | Reached **** piety under Fedhas
  1349 | D        | Gained mutation: Scrolls take you longer to read. [a
                  | shining eye]
  1350 | D        | Killed a shining eye
  1353 | D        | Lost mutation: You are very weak. (Str -4) [potion of
                  | mutation]
  1353 | D        | Lost mutation: You often lose your temper in combat.
                  | [potion of mutation]
  1353 | D        | Gained mutation: You are very weak. (Str -4) [potion of
                  | mutation]
  1353 | D        | Lost mutation: You tend to lose your temper in combat.
                  | [potion of mutation]
  1354 | D        | Found Qoluyfay's Book Shop.
  1354 | D        | Found Afag Qeo's Assorted Antiques.
  1354 | D        | Found Zuureure's General Store.
  1355 | D        | Found Ica Vufo's Antique Armour Shoppe.
  1361 | D        | Bought a scroll labeled KUASYEM XENK for 27 gold pieces
  1361 | D        | Bought a scroll labeled KEHYRYTENT for 27 gold pieces
  1361 | D        | Bought a small sapphire ring for 135 gold pieces
  1372 | D        | Bought a scroll of amnesia for 35 gold pieces
  1403 | D        | Noticed a centaur warrior
  1403 | D        | Noticed a centaur warrior
  1422 | D        | Killed a centaur warrior
  1422 | D        | Reached XP level 10. HP: 40/89 MP: 13/23
  1422 | D        | Killed a centaur warrior
  1422 | D        | Reached skill level 10 in Invocations
  1433 | D        | Killed an unseen horror
  1654 | D        | Noticed an oklob plant
  1667 | D        | Reached ***** piety under Fedhas
  1687 | D        | Paralysed by a floating eye for 3 turns
  1714 | D        | Found a viscous altar of Jiyva.
  1714 | D        | Found a corrupted altar of Lugonu.
  1715 | D        | Found a burning altar of Makhleb.
  1715 | D        | Found a shimmering altar of Xom.
  1767 | D        | Bought a smoking ring mail for 243 gold pieces
  1778 | D        | Identified the +0 ring mail of a ziggurat {Int+6 Dex+3
                  | Stlth-} (You bought it in a shop in the Dungeon)
  1787 | D        | Bought a scroll of identify for 20 gold pieces
  1787 | D        | Bought a scroll of blinking for 75 gold pieces
  1826 | D        | Noticed a rust devil
  1882 | D        | Noticed a lindwurm
  1895 | D        | Killed a lindwurm
  1943 | D        | Reached ****** piety under Fedhas
  1950 | D        | Gained mutation: You have a pair of large horns on your
                  | head. [demonic ancestry]
  1950 | D        | Reached XP level 11. HP: 43/98 MP: 25/25
  2256 | D        | Slain by a lorocyproca

Illustrated notes

Levels and vault maps discovered:
D:        dungeon_sprint_1 [red_sonja_temple_1, red_sonja_temple_small_1]

Skill      XL: |  1  2  3  4  5  6  7  8  9 10 11 |
---------------+----------------------------------+-----
Fighting       | 3 5 6 7 9 10 11 13 | 13.3
Dodging        | 2 4 6 8 9 10 12 | 12.3
Spellcasting   | 5 6 7 8 9 10 11 12 13 | 13.0
Armour         | 2 5 6 7 8 |  8.4
Invocations    | 4 6 9 12 13 | 13.0
Throwing       | |  1.7
Conjurations   | |  2.0
Hexes          | |  1.0
Translocations | |  1.0

Action                   |  1- 3 |  4- 6 |  7- 9 | 10-12 || total
-------------------------+-------+-------+-------+-------++-------
Melee: Dagger            |    17 |    20 |    49 |    30 ||   116
       Headbutt          |       |     4 |    15 |    14 ||    33
       War axe           |       |       |       |    33 ||    33
Throw: Dart              |       |     3 |       |       ||     3
 Cast: Magic Dart        |       |     1 |       |       ||     1
Invok: Overgrow          |       |       |     1 |     5 ||     6
       Grow Oklob        |       |       |       |     1 ||     1
       Grow Ballistomyce |       |       |       |     1 ||     1
Evoke: Wand              |       |     3 |     2 |       ||     5
  Use: Potion            |     3 |     2 |     3 |       ||     8
       Scroll            |       |       |     4 |     2 ||     6
 Stab: Confused          |       |       |     1 |     1 ||     2
       Distracted        |       |       |       |     1 ||     1
  Eat: Ration            |       |       |     2 |     1 ||     3
Armor: Ring mail         |       |     1 |     5 |    22 ||    28
       Skin              |       |    17 |       |       ||    17
Dodge: Dodged            |     3 |    11 |    17 |    79 ||   110
       Repelled          |       |       |     1 |       ||     1
